 Dungeon Crawl Stone Soup version 0.31.0 (webtiles) character file.

Game seed: 14478523316156171929

42765 DemonSlayer the Thaumaturge (level 13, -6/8 HPs)
             Began as a Demonspawn Earth Elementalist on Jan 19, 2024.
             Was a High Priest of Dithmenos.
             Mangled by a cane toad (14 damage)
             ... on level 4 of the Lair of Beasts on Jan 20, 2024.
             The game lasted 01:11:51 (26937 turns).

DemonSlayer the Thaumaturge (DsEE)                 Turns: 26937, Time: 01:11:52

Health: -6/8       AC: 12    Str:  9    XL:     13   Next: 87%
Magic:  20/25      EV: 14    Int: 15    God:    Dithmenos [*****.]
Gold:   807        SH:  4    Dex: 19    Spells: 15/35 levels left

rFire   + . .        u - melded +1 dagger (protect)
rCold   + + .        (shield currently unavailable)
rNeg    . . .        E - +3 troll leather armour
rPois   +            (helmet restricted)
rElec   .            B - scarf {rC+ rF+}
rCorr   .            c - melded +0 pair of gloves
SInv    .            b - +0 pair of boots
Will    .....        M - amulet of regeneration
Stlth   ++++++++     j - ring of protection from cold
HPRegen 1.81/turn    L - ring of poison resistance
MPRegen 0.19/turn

%: no passive effects
@: blade hands, wreathed by umbra
A: reduced hp, icemail 2, condensation shield, demonic magic 2, demonic touch 1,
antennae 1, low MP 1
a: Begin Untransformation, Renounce Religion, Shadow Step, Shadow Form


You were on level 4 of the Lair of Beasts.
You worshipped Dithmenos.
Dithmenos was extremely pleased with you.
You had blades for hands.
You visited 3 branches of the dungeon, and saw 19 of its levels.

You collected 2370 gold pieces.
You spent 1563 gold pieces at shops.

Inventory:

Hand Weapons
 u - a +1 dagger of protection (melded)
 C - a +6 dagger
Armour
 b - a +0 pair of boots (worn)
 c - a +0 pair of gloves (melded)
 i - a +0 helmet
 w - a +0 leather armour of fire resistance
 B - a scarf of resistance (worn)
 E - a +3 troll leather armour (worn)
 J - a +2 cloak
Jewellery
 j - a ring of protection from cold (left blade hand)
 m - a ring of see invisible
 G - a ring of ice
 L - a ring of poison resistance (right blade hand)
 M - an amulet of regeneration (around neck)
Talismans
 a - a flux talisman
 g - a beast talisman
 n - a beast talisman
 p - a flux talisman
 z - a blade talisman (active)
 F - a blade talisman (active)
 O - a beast talisman
Wands
 q - a wand of polymorph (12)
 A - a wand of flame (20)
 K - a wand of iceblast (8)
 Q - a wand of mindburst (6)
Scrolls
 f - 4 scrolls of fear
 h - 4 scrolls of poison
 k - 13 scrolls of teleportation
 o - 2 scrolls of torment
 s - a scroll of vulnerability
 t - a scroll of revelation
 y - a scroll of amnesia
 H - a scroll of immolation
 S - a scroll of noise
Potions
 d - 2 potions of lignification
 e - 3 potions of attraction
 l - 6 potions of curing
 r - a potion of resistance
 v - a potion of cancellation
 x - 4 potions of might
 D - 2 potions of brilliance {unknown}
 I - 3 potions of ambrosia
 R - 4 potions of heal wounds
Miscellaneous
 N - a tin of tremorstones (2/2)


   Skills:
 + Level 3.7 Fighting
 + Level 4.9 Short Blades
 + Level 0.1 Throwing
 + Level 3.6 Armour
 + Level 4.8 Dodging
 + Level 11.8 Stealth
 + Level 2.2 Shields
 + Level 11.8 Spellcasting
 + Level 8.0 Conjurations
 + Level 11.4 Earth Magic
 + Level 0.5 Alchemy
 + Level 2.6 Evocations


You had 15 spell levels left.
You knew the following spells:

 Your Spells              Type           Power      Damage    Failure   Level
a - Sandblast             Erth           86%        2d18      1%          1
b - Stone Arrow           Conj/Erth      76%        3d11      1%          3
c - Passwall              Erth           43%        N/A       1%          3
d - Brom's Barrelling Bo  Conj/Erth      38%        2d6       1%          4
e - Petrify               Alch/Erth      26%        N/A       10%         4
f - Swiftness             Air            8%         N/A       32%         3
g - Blink                 Tloc           16%        N/A       17%         2

Your spell library contained the following spells:

 Spells                   Type           Power      Damage    Failure   Level
 Momentum Strike          Conj/Tloc      42%        3d9       3%          2
 Hailstorm                Conj/Ice       21%        3d7       6%          3
 Freeze                   Ice            32%        1d5       11%         1
 Summon Small Mammal      Summ           32%        N/A       11%         1
 Ensorcelled Hibernation  Hex/Ice        16%        N/A       17%         2
 Jinxbite                 Hex            16%        N/A       17%         2
 Lesser Beckoning         Tloc           16%        N/A       17%         2
 Call Canine Familiar     Summ           8%         N/A       32%         3
 Frozen Ramparts          Ice            16%        1d3       32%         3
 Summon Ice Beast         Ice/Summ       8%         N/A       32%         3
 Summon Blazeheart Golem  Fire/Summ      8%         N/A       73%         4
 Yara's Violent Unravell  Hex/Alch       4%         3d4       95%         5
 Summon Mana Viper        Hex/Summ       8%         N/A       97%         5
 Enfeeble                 Hex            4%         N/A       100%        7
 Monstrous Menagerie      Summ           4%         N/A       100%        7


Dungeon Overview and Level Annotations

Branches:
Dungeon (14/15)            Temple (1/1) D:6            Lair (4/5) D:8
 Shoals (0/4) Lair:3        Snake (0/4) Lair:2          Orc (0/2) D:12
 Vaults (0/5) D:14
  Slime: Lair:4-5

Altars:
Ashenzari
Cheibriados
Dithmenos
Fedhas
Gozag
Hepliaklqana
Kikubaaqudgha
Makhleb
Nemelex Xobeh
Okawaru
Qazlal
Ru
Sif Muna
Trog
Uskayaw
Vehumet
Wu Jian
Xom
Yredelemnul

Shops:
D:9 *   D:14 (

Annotations:
D:12 6 transporters
D:14 Roxanne
Lair:2 2 transporters, Cato's ghost, journeyman DECj


Innate Abilities, Weirdness & Mutations

You have blades for hands.
Your maximum health is decreased, since you lack skill for your form.
You are incapable of wielding weapons or throwing items.
A meltable icy envelope protects you from harm. (AC +8)
A meltable shield of frost defends you. (SH +4)
Spells you cast may paralyse nearby enemies.
Your touch may inflict minor irresistible damage on your foes.
You have a pair of small antennae on your head.
Your magical capacity is low. (-10% MP)


Message History

The wolf misses you.
The stone arrow hits the wolf.
The wolf is lightly wounded.
Malevolent energies surge around you. You block the wolf's attack.
The wolf bites you.
The stone arrow hits the wolf!
The wolf is almost dead.
Malevolent energies surge around you.
Your shadow mimics your spell!
The shadow shard hits the wolf!
You kill the wolf!
Dithmenos accepts your kill.
HP restored.
A bullfrog comes into view.
A bullfrog is nearby!
A bullfrog is nearby!
A bullfrog is nearby!
No reachable target in view!
No reachable target in view!
You can't see any susceptible monsters within range! (Use Z to cast anyway.)
The bullfrog is engulfed in a cloud of scalding steam.
A cane toad comes into view.
A cane toad is nearby!
The cane toad stings the bush.
You begin transforming.
You continue transforming.
The cane toad stings the bush but does no damage.
You continue transforming.
The cane toad stings the bush!
You continue transforming.
Your hands turn into razor-sharp scythe blades.
Your +1 dagger of protection melds into your body.
Your +0 pair of gloves melds into your body.
Your +1 dagger of protection goes still.
The cane toad croaks.
The cane toad closely misses you. The cane toad misses you.
You barely miss the cane toad.
You touch the cane toad!
The cane toad is moderately wounded.
The cane toad stings you!
Ouch! That really hurt!
You die...

##.#.#.##.#. .....#..#.#
##.......... ##.........~.
###### ###.....$....≈.
#####....###P##........~~~
........................≈≈≈
..............>........~≈≈§
...........@...........~≈≈≈
...(.....F............~≈≈§
.........P............~≈≈§
..#.....P##....#.....~≈≈≈
##....####....#......~≈≈
#.....# .....#P.....~≈~
#.....# ##............
##....# ...........| #....#
##........


You could see a cane toad.

Vanquished Creatures
  Kirke (D:14)
  A vault guard (D:14)
  A hydra (Lair:2)
  Erica (D:8)
  A dancing weapon (D:14)
  5 boulder beetles
  4 two-headed ogres
  2 centaur warriors (D:13)
  3 death yaks
  A skeletal warrior (D:14)
  Lodul (D:12)
  A lindwurm (Lair:3)
  A deep elf pyromancer (D:14)
  7 ugly things
  2 cyclopes (D:14)
  A salamander (Lair:2)
  Joseph (D:7)
  A black mamba (Lair:2)
  A gargoyle (D:12)
  3 unseen horrors
  9 cane toads
  2 komodo dragons (Lair:3)
  A kobold demonologist (D:10)
  A rime drake (Lair:3)
  A tengu conjurer (D:14)
  6 trolls
  2 polar bears
  A hornet (D:11)
  3 blink frogs (Lair:1)
  9 slime creatures
  2 shadows
  2 hogs (D:14)
  A wraith (D:10)
  37 yaks
  Eustachio (D:4)
  Grum (D:10)
  3 basilisks
  5 wyverns
  A fire elemental (Lair:3)
  4 vampire mosquitoes (D:13)
  A naga (Lair:2)
  5 acid dragons
  4 water moccasins
  3 ice beasts
  An orc warrior (D:6)
  3 sky beasts
  2 laughing skulls (D:13)
  2 black bears
  10 ogres
  5 boggarts (D:14)
  8 wolves
  A phantom (D:4)
  5 centaurs
  A weeping skull (D:13)
  A kobold brigand (D:10)
  3 gnoll sergeants
  8 bullfrogs
  4 necrophages (Lair:2)
  2 wyvern zombies (D:7)
  3 scorpions
  5 wights
  3 killer bees (D:11)
  2 electric eels (Lair:3)
  5 howler monkeys
  A lava snake (Lair:3)
  3 jellies
  A centaur zombie (D:7)
  5 orc priests
  2 hounds
  2 gnoll boudas
  A sleepcap (D:6)
  9 orc wizards
  4 iguanas
  6 hell rats (Lair:1)
  A killer bee zombie (D:7)
  Robin (D:4)
  24 gnolls
  8 adders
  A shadow imp (D:7)
  2 white imps
  2 ribbon worms
  A dart slug (D:1)
  46 orcs
  6 ball pythons
  6 bats
  7 endoplasms
  A giant cockroach (D:2)
  15 goblins
  10 hobgoblins
  14 jackals
  2 quokkas (D:3)
  3 frilled lizards (D:2)
  6 kobolds
  8 rats
  A spectral orc (D:13)
417 creatures vanquished.

Vanquished Creatures (collateral kills)
  A boulder (D:14)
1 creature vanquished.

Vanquished Creatures (others)
  2 humans (D:14)
2 creatures vanquished.

Grand Total: 420 creatures vanquished

Notes
Turn   | Place    | Note
-------+----------+-------------------------------------------
     0 | D:1      | DemonSlayer the Demonspawn Earth Elementalist began the
                  | quest for the Orb.
     0 | D:1      | Reached XP level 1. HP: 13/13 MP: 3/3
     9 | D:1      | Upgraded the game from 0.31-b1-22-gc680215f68 to 0.31.0
   347 | D:1      | Gained mutation: Your touch may inflict minor irresistible
                  | damage on your foes. [demonic ancestry]
   347 | D:1      | Reached XP level 2. HP: 19/19 MP: 0/5
  1044 | D:2      | Reached XP level 3. HP: 24/24 MP: 6/6
  1164 | D:2      | Learned a level 3 spell: Stone Arrow
  1694 | D:2      | Gained mutation: A meltable shield of frost defends you.
                  | (SH +4) [demonic ancestry]
  1694 | D:2      | Reached XP level 4. HP: 30/30 MP: 3/8
  2292 | D:3      | Found a faded altar of an unknown god.
  2918 | D:3      | Found a broken altar of Ashenzari.
  3037 | D:3      | Learned a level 3 spell: Passwall
  3049 | D:4      | Noticed Eustachio
  3060 | D:3      | Gained mutation: Spells you cast may paralyse adjacent
                  | enemies. [demonic ancestry]
  3060 | D:3      | Reached XP level 5. HP: 26/36 MP: 5/9
  3459 | D:4      | Killed Eustachio
  3460 | D:4      | Reached XP level 6. HP: 31/42 MP: 4/11
  3632 | D:4      | Noticed Robin
  3638 | D:4      | Killed Robin
  3657 | D:4      | Reached skill level 5 in Earth Magic
  3961 | D:4      | Found a stormy altar of Qazlal.
  4108 | D:4      | Learned a level 4 spell: Brom's Barrelling Boulder
  4119 | D:5      | Entered Level 5 of the Dungeon
  4130 | D:5      | Reached skill level 1 in Fighting
  4130 | D:5      | Reached XP level 7. HP: 48/48 MP: 10/13
  4140 | D:5      | Reached skill level 1 in Short Blades
  4256 | D:5      | Found Emiloet's Magic Scroll Shoppe.
  4419 | D:5      | Bought a scroll of teleportation for 39 gold pieces
  4419 | D:5      | Bought a scroll of fear for 52 gold pieces
  4419 | D:5      | Bought a scroll of teleportation for 39 gold pieces
  4899 | D:5      | Reached skill level 1 in Armour
  4899 | D:5      | Reached skill level 1 in Shields
  5140 | D:5      | Reached skill level 5 in Spellcasting
  5140 | D:5      | Reached XP level 8. HP: 32/54 MP: 7/15
  6072 | D:5      | Learned a level 4 spell: Petrify
  6306 | D:6      | Found a staircase to the Ecumenical Temple.
  6324 | Temple   | Entered the Ecumenical Temple
  6525 | Temple   | Became a worshipper of Dithmenos the Shadowed
  6857 | D:5      | Bought a scroll of identify for 26 gold pieces
  8260 | D:6      | Reached * piety under Dithmenos
  8428 | D:7      | Gained mutation: A meltable icy envelope protects you from
                  | harm. (AC +8) [demonic ancestry]
  8428 | D:7      | Reached XP level 9. HP: 58/59 MP: 0/18
  8933 | D:7      | Noticed Joseph
  8944 | D:7      | Killed Joseph
  8945 | D:7      | Reached skill level 5 in Stealth
 10147 | D:8      | Noticed Erica
 10147 | D:8      | Found a staircase to the Lair.
 10400 | D:5      | Bought a scroll of identify for 26 gold pieces
 10400 | D:5      | Bought a scroll of poison for 52 gold pieces
 10400 | D:5      | Bought a scroll of identify for 26 gold pieces
 10869 | D:8      | Reached ** piety under Dithmenos
 10980 | D:8      | Reached XP level 10. HP: 66/67 MP: 14/21
 10997 | D:8      | You fall into a shaft and drop 2 floors!
 10997 | D:10     | Entered Level 10 of the Dungeon
 11447 | D:10     | Noticed a two-headed ogre
 11449 | D:10     | Noticed Grum
 11712 | D:9      | Noticed a two-headed ogre
 11722 | D:9      | Killed a two-headed ogre
 12097 | D:8      | Found a snail-covered altar of Cheibriados.
 12751 | D:8      | Killed Erica
 12973 | Lair:1   | Entered Level 1 of the Lair of Beasts
 13019 | Lair:1   | Reached skill level 1 in Evocations
 13165 | Lair:1   | Noticed a death yak
 13187 | Lair:1   | Killed a death yak
 13510 | Lair:1   | Noticed a death yak
 13529 | Lair:1   | Noticed a death yak
 13576 | D:8      | Killed a death yak
 13915 | D:9      | Gained mutation: A meltable icy envelope protects you from
                  | harm. (AC +8) [demonic ancestry]
 13915 | D:9      | Reached XP level 11. HP: 60/73 MP: 16/24
 13919 | D:9      | Reached skill level 5 in Conjurations
 14022 | D:9      | Found Penlif's Assorted Antiques.
 14034 | D:9      | Bought a scroll of fear for 72 gold pieces
 14034 | D:9      | Bought a pink potion for 16 gold pieces
 14034 | D:9      | Bought a scroll labelled DIM URPHUCUIH for 18 gold pieces
 14392 | D:9      | Found a sparkling altar of Nemelex Xobeh.
 14593 | D:9      | Gained mutation: Your magical capacity is low. (-10% MP)
                  | [potion of mutation]
 14593 | D:9      | Gained mutation: You have a pair of small antennae on your
                  | head. [potion of mutation]
 14789 | D:10     | Reached *** piety under Dithmenos
 14982 | D:10     | Killed a two-headed ogre
 15111 | D:10     | Killed Grum
 15342 | D:10     | Found a sacrificial altar of Ru.
 15401 | D:10     | Found a burning altar of Makhleb.
 15535 | D:10     | Found a shimmering blue altar of Sif Muna.
 15801 | D:11     | Noticed a two-headed ogre
 15809 | D:11     | Killed a two-headed ogre
 16261 | D:11     | Noticed a boulder beetle
 16264 | D:11     | Killed a boulder beetle
 16826 | D:12     | Noticed a two-headed ogre
 16832 | D:12     | Killed a two-headed ogre
 17315 | D:12     | Noticed Lodul
 17324 | D:12     | Reached XP level 12. HP: 81/81 MP: 19/23
 17343 | D:12     | Killed Lodul
 17461 | D:12     | Identified the +5 plate armour of the Maze {rElec}
 17472 | D:12     | Noticed a boulder beetle
 17479 | D:12     | Killed a boulder beetle
 17480 | D:12     | Reached skill level 10 in Spellcasting
 17654 | D:12     | Reached **** piety under Dithmenos
 17770 | D:12     | Found a staircase to the Orcish Mines.
 17833 | D:12     | Found a transporter.
 17836 | D:12     | Found a transporter.
 18071 | D:12     | Found a transporter.
 18074 | D:12     | Found a transporter.
 18334 | D:12     | Found a transporter.
 18336 | D:12     | Found a transporter.
 18869 | D:5      | Bought a scroll of acquirement for 676 gold pieces
 18869 | D:5      | Acquired 979 gold pieces
 18871 | D:5      | Bought a scroll of enchant armour for 97 gold pieces
 18871 | D:5      | Bought a scroll of enchant armour for 97 gold pieces
 19113 | D:9      | Bought 3 scrolls of teleportation for 162 gold pieces
 20056 | D:13     | Noticed a centaur warrior
 20064 | D:13     | Killed a centaur warrior
 20536 | D:13     | Noticed a centaur warrior
 20567 | D:13     | Reached skill level 10 in Earth Magic
 20691 | D:13     | Killed a centaur warrior
 20848 | D:13     | Found a basalt altar of Yredelemnul.
 21051 | D:14     | Noticed a vault guard
 21472 | D:14     | Reached skill level 10 in Stealth
 21981 | D:14     | Killed a vault guard
 22389 | D:14     | Found a gate to the Vaults.
 22465 | D:14     | Found Geefaf's Antique Weapon Emporium.
 22489 | D:14     | Bought a runed dagger for 165 gold pieces
 22565 | D:14     | Noticed Kirke
 22583 | D:14     | Killed Kirke
 22584 | D:14     | Gained mutation: Spells you cast may paralyse nearby
                  | enemies. [demonic ancestry]
 22584 | D:14     | Reached XP level 13. HP: 86/86 MP: 1/25
 22952 | D:14     | Found a radiant altar of Vehumet.
 23216 | D:14     | Noticed Roxanne
 24478 | Lair:1   | You fall into a shaft and drop 1 floor!
 25097 | Lair:1   | Learned a level 3 spell: Swiftness
 25100 | Lair:1   | Learned a level 2 spell: Blink
 25272 | Lair:2   | Found a transporter.
 25278 | Lair:2   | Noticed Cato's ghost (journeyman DECj)
 25282 | Lair:2   | Found a transporter.
 25579 | Lair:2   | Found a staircase to the Snake Pit.
 26450 | Lair:3   | Found a staircase to the Shoals.
 26461 | Lair:3   | Reached ***** piety under Dithmenos
 26937 | Lair:4   | Mangled by a cane toad

Illustrated notes

Levels and vault maps discovered:
D:1:      scummos_arrival_simple_fountains, layout_basic
D:2:      layout_basic, chequers_serial_rivers_large_b, minmay_door_square,
          st_stairs_6
D:3:      layout_basic, mainiacjoe_overflow_big_doors, basic_ecumenical_altar
D:4:      layout_cave_pools, mainiacjoe_overflow_alcove_2, uniq_eustachio,
          uniq_robin
D:5:      layout_basic, serial_shops, nicolae_inconvenience_store
D:6:      layout_basic, minmay_temple_entry_hall
D:7:      layout_layer_cave, serial_undead, serial_undead_b, serial_undead_c,
          serial_undead_a, serial_undead_f, uniq_joseph
D:8:      layout_basic, slow_altar_1, david_lair_generic,
          minmay_tree_intersection, uniq_erica
D:9:      layout_rooms, nemelex_spade_bored_becter, serial_shops,
          nicolae_shop_overgrown_old_shop, evilmike_minifort
D:10:     layout_rooms, lightli_temple_of_fire, nicolae_ru_the_path_less_chosen,
          lemuel_blue_sif_altar, uniq_grum
D:11:     layout_basic
D:12:     layout_roguey, david_orc_2, serial_nicolae_subway,
          nicolae_sub_station_stone, nicolae_sub_station_metal,
          nicolae_sub_station_crystal, uniq_lodul
D:13:     layout_gridville, hangedman_abyss_or_decor_passed, corner_web_ring,
          yredelemnul_forgotten_temple_becter
D:14:     layout_basic, erik_vaults_1, serial_glass, glass_columns_c,
          glass_columns_c, glass_columns_c, glass_columns_c, feat_on_display,
          item_on_display_a, feat_on_display, due_unseen_surprise, serial_shops,
          shop, nicolae_vehumet_radiance, uniq_kirke, uniq_roxanne
Temple:   minmay_temple_curvy_branch
Lair:1:   layout_cellular_growth
Lair:2:   layout_concentric_octagons, alex1729_snake_entry_snake,
          gammafunk_ghost_arena, roderic_carrion_pond, lemuel_fruit_fields
Lair:3:   layout_gridlike, elwin_shoals_entry_rocks
Lair:4:   layout_cellular_growth, st_stairs_7, serial_bayou_lagoon_a,
          lemuel_old_faithful, serial_bayou_shore_b

Skill      XL: |  1  2  3  4  5  6  7  8  9 10 11 12 13 |
---------------+----------------------------------------+-----
Dodging        | 2 3 4 |  4.8
Earth Magic    | 3 4 5 6 7 8 9 10 11 | 11.4
Stealth        | 2 3 4 6 7 9 10 11 | 11.8
Spellcasting   | 3 4 5 6 7 9 11 | 11.8
Fighting       | 1 2 3 |  3.7
Short Blades   | 1 2 3 4 |  4.9
Armour         | 1 2 3 |  3.6
Shields        | 1 2 |  2.2
Conjurations   | 2 3 4 6 7 8 |  8.0
Evocations     | 1 2 |  2.6
Throwing       | |  0.1
Alchemy        | |  0.5

Action                     |  1- 3 |  4- 6 |  7- 9 | 10-12 | 13-15 || total
---------------------------+-------+-------+-------+-------+-------++-------
  Melee: Dagger            |    25 |     9 |    37 |   161 |    96 ||   328
         Touch             |    10 |     5 |    14 |    28 |    20 ||    77
         Short sword       |       |    15 |    38 |       |       ||    53
         Unarmed           |       |       |       |     2 |     1 ||     3
         Punch             |       |       |       |     2 |       ||     2
  Throw: Throwing net      |       |       |       |     1 |       ||     1
   Cast: Sandblast         |    41 |    86 |    93 |    51 |    13 ||   284
         Stone Arrow       |       |     1 |    57 |   207 |    87 ||   352
         Brom's Barrelling |       |       |       |     4 |       ||     4
         Petrify           |       |       |       |     1 |       ||     1
         Passwall          |       |       |       |       |     2 ||     2
  Evoke: Wand              |       |       |       |    19 |       ||    19
    Use: Scroll            |       |     5 |    11 |    16 |     4 ||    36
         Potion            |       |       |     2 |     7 |     1 ||    10
   Stab: Sleeping          |     3 |     1 |    18 |    11 |    23 ||    56
         Distracted        |     1 |       |       |       |       ||     1
         Paralysed         |       |    11 |    34 |    52 |    34 ||   131
 Armour: Robe              |    24 |    20 |    33 |    59 |       ||   136
         Leather armour    |       |    33 |    42 |    12 |       ||    87
         Skin              |       |       |     1 |       |       ||     1
         Troll leather arm |       |       |       |    78 |    96 ||   174
  Dodge: Dodged            |    34 |    40 |    83 |   116 |    83 ||   356
  Block: Other             |       |    16 |    32 |    30 |    13 ||    91
   Form: Blade             |       |       |       |       |     1 ||     1
